Cogmind - Beta 11.1 @@@ ROGUE MODE // 2022.05.20 @ 08:12:25 Player: Jamuson Result: Destroyed by G-34 Mercenary with Small Laser Performance ------------- Evolutions (0) 0 Regions Visited (1) 200 Robots Destroyed (23) 115 Value Destroyed (498) 498 Prototype IDs (0) 0 Alien Tech Used (0) 0 Bonus (30) 30 TOTAL SCORE: 843 Bonus ------- High Alert Combat Kills 30 Cogmind --------- Core Integrity 0/250 Matter 292/300 Energy 246/250 System Corruption 1% Temperature Cool (8) Movement Treading (160) Location -10/Materials Parts ------- > --- POWER (1) -------- Ion Engine > --- PROPULSION (2) --- Improved Treads Improved Treads > --- UTILITY (2) ------ Small Storage Unit Machine Analyzer > --- WEAPON (2) ------- Autogun Autogun > --- INVENTORY (8) ---- Light Ion Engine Improved Treads Improved Treads Cooling System Peak State ------------ > --- POWER ------------ Ion Engine > --- PROPULSION ------- Improved Treads Improved Treads > --- UTILITY ---------- Small Storage Unit Machine Analyzer > --- WEAPON ----------- Autogun Autogun > --- INVENTORY -------- Light Ion Engine Improved Treads Improved Treads Cooling System [Rating: 13] Favorites ----------- Power Ion Engine Engine Ion Engine Propulsion Wheel Treads Improved Treads Wheel Wheel Utility Small Storage Unit Storage Small Storage Unit Processor Machine Analyzer Weapon Autogun Ballistic Gun Autogun Build | -11 -10 ------- Run | Scr Mat Slots Evolved . | . . Power . | . . Propulsion . | . . Utility . | . . Weapon . | . . Parts Attached 19 | 7 12 Power 5 | 2 3 Engine 5 | 2 3 Core . | . . Reactor . | . . Propulsion 5 | 2 3 Treads 2 | . 2 Leg . | . . Wheel 3 | 2 1 Hover . | . . Flight . | . . Utility 2 | 1 1 Device . | . . Storage 1 | 1 . Processor 1 | . 1 Hackware . | . . Protection . | . . Artifact . | . . Weapon 7 | 2 5 Energy Gun . | . . Energy Cannon . | . . Ballistic Gun 7 | 2 5 Ballistic Cannon . | . . Launcher . | . . Special Weapon . | . . Impact Weapon . | . . Slashing Weapon . | . . Piercing Weapon . | . . Special Melee Weapon . | . . Unidentified Prototypes . | . . Parts Lost 5 | . 5 Power 1 | . 1 Propulsion 2 | . 2 Utility . | . . Weapon 2 | . 2 Highest Loss Streak 2 | . 2 To Critical Strikes . | . . Average Slot Usage (%) 96 | . 96 Engine 13 | . 13 Treads 7 | . 7 Wheel 19 | . 19 Storage 14 | . 14 Processor 13 | . 13 Ballistic Gun 27 | . 27 Naked Turns . | . . Heaviest Build 16 | 13 16 Greatest Support 46 | 26 46 Greatest Overweight (x) 1 | . 1 Average Overweight (x) . | . . Largest Inventory Capacity 8 | 8 8 Average Capacity 7 | 6 8 Most Carried 8 | 3 8 Average Carried 6 | 1 6 Final Capacity 8 | 8 8 Final Carried 4 | 3 4 Class Distribution -------------------- 100% | Mutant Dominant Class ---------------- Mutant | -10/Materials Resources | -11 -10 ----------- Run | Scr Mat Matter Collected 920 | 172 748 Remotely . | . . Salvage Created 637 | . 637 Parts 58 | . 58 Haulers Intercepted . | . . Recyclers Shooed . | . . Parts Field Recycled . | . . Retrieved Matter . | . . Parts Self-Destructed . | . . Prevented . | . . Kills | -11 -10 ------- Run | Scr Mat Combat Hostiles Destroyed 20 | . 20 Guns 20 | . 20 Classes Destroyed 5 | . 5 Builder 1 | . 1 Mechanic 1 | . 1 Watcher 1 | . 1 Swarmer 9 | . 9 Grunt 11 | . 11 Best Kill Streak 7 | . 7 Combat Bots Only 7 | . 7 Max Kills in Single Turn 2 | . 2 Gunslinging 1 | . 1 Exploded . | . . Melee . | . . Uniques/NPCs Destroyed . | . . Combat | -11 -10 -------- Run | Scr Mat Damage Taken 793 | . 793 Core 252 | . 252 Absorbed by Shields . | . . Core Remaining (%) 100 | 100 . Volleys Fired 74 | . 74 Largest 2 | . 2 Hottest 46 | . 46 Shots Fired 140 | . 140 Gun 140 | . 140 Cannon . | . . Launcher . | . . Special . | . . Kinetic 140 | . 140 Thermal . | . . Explosive . | . . Electromagnetic . | . . Robot Hit Streak 9 | . 9 Robot Miss Streak 9 | . 9 Penetration Max . | . . Secondary Targets 2 | . 2 Max Gunslinging Chain 1 | . 1 Shots Hit Robots 73 | . 73 Core Hits 29 | . 29 Critical Kills . | . . Critical Parts Destroyed . | . . Critical Strikes . | . . Melee Attacks . | . . Impact . | . . Slashing . | . . Piercing . | . . Sneak Attacks . | . . Combat Hostiles . | . . Follow-up Attacks . | . . Damage Inflicted 1195 | . 1195 Guns 1190 | . 1190 Cannons . | . . Explosions . | . . Melee . | . . Ramming 5 | . 5 Kinetic 1190 | . 1190 Thermal . | . . Explosive . | . . Electromagnetic . | . . Impact . | . . Slashing . | . . Piercing . | . . Highest Corruption 1 | . 1 Average Corruption 1 | . 1 Corruption Purged . | . . Corruption Blocked . | . . Effects 5 | . 5 Message Errors 2 | . 2 Matter Fused 1 | . 1 Heat Flow Errors 1 | . 1 Energy Discharges 1 | . 1 Overload Shots . | . . Overflow Damage . | . . Projectiles . | . . Explosions . | . . Melee . | . . Knockbacks . | . . Impact . | . . Kinetic . | . . Secondary . | . . Self-Inflicted Damage 2 | . 2 Shots . | . . Rammed 1 | . 1 Targets Rammed 1 | . 1 Kicked . | . . Crushed . | . . Highest Temperature 94 | . 94 Average Temperature 10 | . 10 Received Heat Transfer 240 | . 240 Siege Activations . | . . Robots Corrupted . | . . Combat Hostiles . | . . Parts Fried . | . . Impact Corruptions . | . . Robots Melted . | . . Combat Hostiles . | . . Parts Melted . | . . Heat Transferred . | . . Parts Sabotaged . | . . Parts Stolen . | . . Parts Stripped . | . . Power Chain Reactions . | . . Missiles Intercepted . | . . Alert | -11 -10 ------- Run | Scr Mat Peak Influence 491 | . 491 Initial . | . . Average 286 | . 303 Maximum Alert Level 2 | . 2 Low Security (%) 24 | 100 20 Level 1 51 | . 54 Level 2 23 | . 25 Level 3 . | . . Level 4 . | . . Level 5 . | . . High Security . | . . Max Security . | . . Squads Dispatched 6 | . 6 Investigation 4 | . 4 Extermination . | . . Reinforcement 2 | . 2 Assault . | . . Garrison . | . . Intercept . | . . Searches Triggered . | . . Construction Impeded . | . . Haulers Reinforced . | . . Active Scanning Responses . | . . Cargo Convoy Interrupts . | . . Stealth | -11 -10 --------- Run | Scr Mat Distress Signals 2 | . 2 Communications Jammed . | . . Distress Signals . | . . Times Spotted 32 | . 32 Peak Tracking Total 8 | . 8 Tactical Retreats 3 | . 3 Traps | -11 -10 ------- Run | Scr Mat Traps Triggered 2 | . 2 Indirectly . | . . Trap Hack Attempts . | . . Triggered . | . . Disarmed . | . . Reprogrammed . | . . Reused . | . . Traps Extracted . | . . Installed . | . . Triggered . | . . Machines | -11 -10 ---------- Run | Scr Mat Machines Disabled . | . . Max in Single Turn . | . . Machines Sabotaged . | . . Garrisons Compromised . | . . Overloaded Fab Kills . | . . Hacking | -11 -10 --------- Run | Scr Mat Machines Accessed 7 | . 7 Terminals 6 | . 6 Fabricators . | . . Repair Stations . | . . Recycling Units 1 | . 1 Scanalyzers . | . . Garrison Access . | . . Total Hacks 25 | . 25 Successful 11 | . 11 Failed 14 | . 14 Catastrophic 3 | . 3 Database Lockouts . | . . Manual 25 | . 25 Terminals 24 | . 24 Fabricators . | . . Repair Stations . | . . Recycling Units 1 | . 1 Scanalyzers . | . . Garrison Access . | . . Terminal Hacks 6 | . 6 Robot Analysis 4 | . 4 Branch Access Points 1 | . 1 Terminal Index 1 | . 1 Fabricator Hacks . | . . Repair Station Hacks . | . . Recycling Unit Hacks . | . . Scanalyzer . | . . Garrison Access Hacks . | . . Unauthorized Hacks 5 | . 5 Terminals 4 | . 4 Botnet 4 | . 4 Fabricators . | . . Repair Stations . | . . Recycling Units 1 | . 1 Tunnel 1 | . 1 Scanalyzers . | . . Garrison Access . | . . Data Cores Recovered . | . . Used . | . . Hacking Detections 6 | . 6 Full Trace Events 5 | . 5 Feedback Events . | . . Feedback Blocked . | . . Robot Schematics Acquired . | . . Robots Built . | . . Authchips . | . . Time . | . . Total Robot Build Rating . | . . Part Schematics Acquired . | . . Parts Built . | . . Authchips . | . . Time . | . . Total Part Build Rating . | . . Parts Repaired . | . . Time . | . . Parts Recycled . | . . Recycled Matter . | . . Retrieved Matter . | . . Retrieved Components . | . . Parts Scanalyzed . | . . Part Schematics Acquired . | . . Parts Damaged . | . . Bothacking | -11 -10 ------------ Run | Scr Mat Used RIF Installer . | . . Robots Hacked . | . . Non-combat . | . . Combat . | . . Robot Hacks Applied . | . . Relay Couplers Released . | . . Fabnet Peak Effective % . | . . Robots Rewired . | . . Allies Hacked . | . . Hacks Repelled . | . . Allies | -11 -10 -------- Run | Scr Mat Total Allies . | . . Largest Group . | . . Highest-Rated Group . | . . Highest-Rated Ally . | . . Total Orders . | . . Ally Attacks . | . . Total Damage . | . . Kills . | . . Allies Corrupted . | . . Allies Melted . | . . Intel | -11 -10 ------- Run | Scr Mat Robot Analysis Total 4 | . 4 Derelict Logs Recovered . | . . Drone Launches . | . . Drone Recoveries . | . . Exploration | -11 -10 ------------- Run | Scr Mat Turns Passed 865 | 47 818 Spaces Moved 593 | 39 554 Core 1 | 1 . Treads 114 | . 114 Legs . | . . Wheels 478 | 38 440 Hover . | . . Flight . | . . Fastest Speed 50 | 50 90 Average Speed 103 | 89 104 Slowest Speed 160 | 100 160 Overloaded Moves . | . . Propulsion Burnouts . | . . Robots Hopped . | . . Cave-ins Triggered . | . . Exploration Rate (%) 46 | 3 90 Regions Visited 1 Branch Regions . Pre-discovered Areas 1 | . 1 Known Exits Taken . | . . Unknown Exits Taken 1 | 1 . Scrap Searched . | . . Spaces Dug . | . . Terrain Destroyed . | . . Melee . | . . Projectile . | . . AOE . | . . Terrain Rammed . | . . Walls Destroyed . | . . Machines Disabled . | . . Actions | -11 -10 --------- Run | Scr Mat Total 727 | 47 680 Wait 27 | . 27 Move 592 | 38 554 Hop . | . . Pick Up 9 | 2 7 Fast Attach 11 | 6 5 Attach 4 | . 4 Detach . | . . Swap 4 | 1 3 Drop 5 | . 5 Fire 74 | . 74 Melee . | . . Ram 1 | . 1 Kick . | . . Crush . | . . Escape Stasis . | . . Rewire . | . . Trap . | . . Miscellaneous . | . . Route ------- -11/Scrapyard -10/Materials (discovered 4 exits: [*Mat x2] / *Min x2) History --------- Turn | Location | Event 29 | -11/Scrapyard | Discovered new exit (range 15) 48 | -11/Scrapyard | Entered Materials 256 | -10/Materials | Discovered new exit (range 14) 304 | -10/Materials | Build established: Mutant 329 | -10/Materials | Identified exit to Mines 394 | -10/Materials | Core integrity fell below 50% 528 | -10/Materials | Discovered new exit (range 13) 646 | -10/Materials | Core integrity fell below 20% 695 | -10/Materials | Destroyed 7 combat bots 866 | -10/Materials | Destroyed by G-34 Mercenary with Small Laser Last Messages --------------- 00685_ R-06 Scavenger collects Heat Sink. 00687_ Acquired 14 matter. 00687_ K-01 Serf collects debris. 00688_ Acquired 39 matter. 00690_ R-06 Scavenger collects Lgt. Ion Engine. 00693_ R-06 Scavenger collects Lgt. Assault Rifle. 00698_ K-01 Serf collects debris. 00711_ Acquired 3 matter. 00727_ VCCT DUBPX %FP:RR E V 00730_ Connecting with Terminal... 00764_ R-06 Scavenger collects Heat Sink. 00767_ R-06 Scavenger collects Lgt. Ion Engine. 00793_ R-06 Scavenger inserts Heat Sink into recycling unit. 00796_ R-06 Scavenger inserts Lgt. Ion Engine into recycling unit. 00809_ R-06 Scavenger inserts Lgt. Assault Rifle into recycling unit. 00813_ Recycling unit begins recycling process. 00841_ System corrupted: Matter fused (-8). 00854_ Connecting with Terminal... 00854_ ALERT: Suspicious activity at Terminal M006. Dispatching Investigation squad. Map ----- +----------------------------------------------------+ | ???????????????????????#######???????????? | | ??????????????????????# #???????????? | | ??????????########????# """ #???????????? | | ?????????? #????# """ #???????????? | | ????????# """" #????# """ #???????????? | | ????????# """" ###### #???????????? | | ????????# """" # ##+#####??#####????? | | ????????# + #???##"""##???? | | ###?????# # #??##"!!!"##??? | | #?????# ! "Y" # ##+######"" ""#??? | | < #?????# """ ## ## """ ## #??? | | #?????# ## ## """ ## > #??? | | #?????########### ## """ ## #??? | | #?????# ## ## #??? | | #?????# ## ### ##??? | | #??####+#########"### #?## ##???? | | ^ #??# %%| # ###+#####??# #????? | | #??# != # T #?# #??????# #????? | | #??# """ # #?# #??????# #????? | | #??# """"" # ### ###???## ##???? | | #??# """"" # """*# ##### #???? | | #### """"" # """ # #???? | | + """ # """ + T T #???? | | +##### # #% #???? | | ########### """[# ##### #???? | | #?????????# """ ## @##???#######???? | | % #?????????# """ ## #??????????????? | | #?????????# ## #??????????????? | | #?????????######## #??????????????? | | #????????????????# g#??????????????? | | #????????????????# #??????????????? | | #????????????????# #??????????????? | | [#????????????????# #??????????????? | | ######????????????????# #??????????????? | | # ???????????????????# g #??????????????? | | ?????????????????????# #??????????????? | | ????>?????????????????# a#??????????????? | | ??????????????????????# #??????????????? | | ??????????????????????# ???????????????? | | #?????????????????????# ???????????????? | | #?????????????????????? ???????????????? | | #????????????????????????????????????????? | | #????????????????????????????????????????? | | #????????????????????????????????????????? | | #???########+##??????????"""?????????????? | | #???# #??????????"""?????????????? | | #???# "T" #??????????"""?????????????? | | #???# """ #??????????????????????????? | | ????# """ #??????????????????????????? | | ????# """ #??????????????????????????? | +----------------------------------------------------+ Best States ------------- Heat Dissipation 25 Energy Generation 10 Energy Capacity 250 Matter Stores 300 Matter Capacity 300 Sight Range 16 Terrain Scan Density 10 Evasion (%) 42 Recoil Reduction 2 Item Schematics ----------------- None Robot Schematics ------------------ None Fabricated ------------ Nothing Alien Tech Used ----------------- None Achievements -------------- None Challenges ------------ None Game ------ Seed BombMolecularPrototype Manual? 0 Play Time 00:11:30 Cumulative 183.0 hours Start 2022.05.20 @ 07:46:06 End 2022.05.20 @ 08:12:25 Sessions 1 Manual Loads 0 Difficulty Rogue Special Mode None Game No. 72 Rogue 65 Adventurer 0 Explorer 7 Win Type - Total 1 Types 0/0/1/0/0/0/0/0/0 Lore% 61 Gallery% 58 Achievement% 48 Wizard Run 0 Options --------- ASCII 0 Keyboard 0 Movement Mouse Keybinds 0 Fullscreen 1 Font 16/Cog Map View 76x50 Tactical HUD 1 Map Filters NONE Filters NONE Steam 1 RUN: 09e283c5-8393-4e92-aa57-6a140e6490b3